 Dungeon Crawl Stone Soup version 0.17.1-1-g73c8601 (console) character file.

535 Kloppie the Ruffian (level 7, -3/63 (64) HPs)
             Began as a Ghoul Monk on Dec 15, 2015.
             Slain by a giant frog (5 damage)
             ... on level 4 of the Dungeon.
             The game lasted 00:06:22 (4167 turns).

Kloppie the Ruffian (Ghoul Monk)                    Turns: 4167, Time: 00:06:22

HP:   -3/63 (64)    AC:  3    Str: 17      XL:     7   Next: 25%
MP:   6/6           EV: 12    Int:  4 (5)  God:
Gold: 205           SH:  0    Dex: 11      Spells: 0 memorised, 6 levels left

rFire  . . .     SeeInvis .       - Unarmed
rCold  + . .     Clarity  .     v - +0 leather armour
rNeg   + + +     SustAt   .     (no shield)
rPois  ∞         Gourm    .     (no helmet)
rElec  .         Spirit   .     (no cloak)
rCorr  .         Warding  .     (no gloves)
rMut   .         Stasis   .     (no boots)
MR     .....                    (no amulet)
Stlth  ++........               (no ring)
                                (no ring)

@: rotting, not resistant to hostile enchantments, unstealthy
A: rotting body, claws 1, carnivore 3, cold resistance 1, negative energy
resistance 3, slow regeneration 1, torment resistance, unbreathing
a: no special abilities


You were on level 4 of the Dungeon.
You were not hungry.

You visited 1 branch of the dungeon, and saw 4 of its levels.

You collected 205 gold pieces.

Inventory:

Armour
 a - a +0 scale mail
 p - a +0 chain mail
 v - a +0 leather armour (worn)
Wands
 s - a wand of slowing (23)
Scrolls
 d - 3 scrolls of recharging {unknown}
 e - a scroll of enchant weapon {unknown}
 h - a scroll of teleportation {unknown}
 j - 4 scrolls of remove curse {unknown}
 k - 5 scrolls of identify {unknown}
 m - a scroll of immolation {unknown}
 n - a scroll of noise {unknown}
 o - a scroll of magic mapping {unknown}
 r - a scroll of fear {unknown}
Potions
 c - 2 potions of agility {unknown}
 f - a potion of invisibility {unknown}
 g - a potion of heal wounds {unknown}
 i - a potion of lignification {unknown}
 l - 2 potions of degeneration
 q - a potion of might {unknown}
Books
 u - a book of Flames

   Spells                             Type                      Level
   a - Flame Tongue                   Conjuration/Fire             1
   b - Throw Flame                    Conjuration/Fire             2
   c - Conjure Flame                  Conjuration/Fire             3
   d - Inner Flame                    Hexes/Fire                   3
   e - Sticky Flame                   Conjuration/Fire             4
   f - Fireball                       Conjuration/Fire             5
Comestibles
 b - 3 meat rations
 t - 3 beef jerkies


   Skills:
 - Level 6.5 Fighting
 + Level 1.2 Armour
 - Level 2.6 Dodging
 - Level 2.1 Stealth
 - Level 7.1 Unarmed Combat


You had 6 spell levels left.
You didn't know any spells.

Dungeon Overview and Level Annotations

Branches:
Dungeon (4/15)
 Temple: D:4-7

Altars:
Cheibriados


Innate Abilities, Weirdness & Mutations

Your body is rotting away.
You thrive on raw meat.
You are immune to poison.
You have sharp fingernails.
You are carnivorous and can eat meat at any time.
Your flesh is cold resistant.
You are immune to negative energy.
You regenerate slowly when monsters are visible.
You are immune to unholy pain and torment.
You can survive without breathing.


Message History

The giant frog seems to slow down.
Evoking this partially-identified wand wasted a few charges.
The giant frog hits you!
* * * LOW HITPOINT WARNING * * *
You closely miss the giant frog. Your claw misses the giant frog.
The giant frog is lightly wounded.
The orc barely misses you. The giant frog hits you.
* * * LOW HITPOINT WARNING * * *
You closely miss the giant frog.
The giant frog is lightly wounded.
The orc misses you.
You scratch the giant frog but do no damage.
The giant frog is lightly wounded.
The giant frog hits you!
* * * LOW HITPOINT WARNING * * *
The orc hits you but does no damage.
You claw the giant frog!
The giant frog is heavily wounded.
The giant frog hits you.
You die...

.........+...+ ..[..
.........#...#.....
.###.##..##..##...#
.###.##..##..##...##
.............#.....# ..
.....>.......#.....# .
.............#....# .# .
..##.........'....# .##..
..##+###+##.###.@.# ......
..##..##.##'#####F##......
......#......#...o#.....$.
......'......+.o..'...o.oo
##########..##F.########..
# #####.. # .... # .... #
.....


You could see a giant frog and an orc.

Vanquished Creatures
  2 ogres (D:4)
  A crimson imp (D:3)
  Ijyb (D:2)
  5 orc wizards
  A gnoll (D:2)
  5 adders
  2 oozes (D:2)
  4 worms
  A giant gecko (D:1)
  11 orcs
  7 bats
  2 giant cockroaches (D:1)
  8 hobgoblins
  6 jackals
  2 quokkas (D:2)
  A ball python (D:2)
  3 giant newts
  7 goblins
  7 kobolds
  8 rats
84 creatures vanquished.

Notes
Turn   | Place    | Note
--------------------------------------------------------------
     0 | D:1      | Kloppie the Ghoul Monk began the quest for the Orb.
     0 | D:1      | Reached XP level 1. HP: 19/19 MP: 0/0
   256 | D:1      | Reached XP level 2. HP: 24/24 MP: 1/1
   895 | D:2      | Reached XP level 3. HP: 32/32 MP: 2/2
  1191 | D:2      | Reached skill level 5 in Unarmed Combat
  1697 | D:2      | Reached XP level 4. HP: 39/41 MP: 3/3
  1716 | D:2      | Noticed Ijyb
  1726 | D:2      | Killed Ijyb
  1884 | D:2      | Reached XP level 5. HP: 12/47 MP: 4/4
  2118 | D:2      | Reached skill level 5 in Fighting
  2376 | D:3      | Found a snail-covered altar of Cheibriados.
  2954 | D:4      | Noticed an ogre
  2966 | D:4      | Killed an ogre
  2966 | D:4      | Reached skill level 6 in Unarmed Combat
  2966 | D:4      | Reached XP level 6. HP: 29/57 MP: 5/5
  3693 | D:4      | Noticed an ogre
  3702 | D:4      | Killed an ogre
  3702 | D:4      | Reached skill level 7 in Unarmed Combat
  3702 | D:4      | Reached XP level 7. HP: 39/64 MP: 6/6
  4151 | D:4      | Reached skill level 1 in Armour
  4166 | D:4      | HP: 2/63 [giant frog (7)]
  4167 | D:4      | Slain by a giant frog

Action                   |  1- 3 |  4- 6 |  7- 9 || total
-------------------------+-------+-------+-------++-------
Melee: Unarmed           |    98 |   163 |    28 ||   289
Evoke: Wand              |       |     1 |     1 ||     2
  Use: Potion            |       |     1 |       ||     1
 Stab: Sleeping          |     5 |     3 |       ||     8
       Distracted        |     1 |       |       ||     1
  Eat: Chunk             |     9 |    15 |       ||    24
